 Dungeon Crawl Stone Soup version 0.29.1-12-g30fa7ad0bf (webtiles) character file.

Game seed: 8024897146714714816

5702 cheesebisquit the Severer (level 10, -6/80 HPs)
             Began as a Minotaur Berserker on Dec 24, 2022.
             Was an Elder of Trog.
             Killed from afar by a steam dragon (14 damage)
             ... with a ball of steam
             ... on level 9 of the Dungeon.
             The game lasted 00:27:51 (6616 turns).

cheesebisquit the Severer (Minotaur Berserker)      Turns: 6616, Time: 00:27:51

Health: -6/80      AC: 14    Str: 37    XL:     10   Next: 48%
Magic:  9/9        EV:  9    Int:  4    God:    Trog [****..]
Gold:   32         SH:  0    Dex: 11    Spells: 9/9 levels left

rFire   . . .      SeeInvis .   a - +8 frozen axe "Frostbite" {freezing cloud, *Noise Fly rC+}
rCold   + . .      Faith    .   (shield currently unavailable)
rNeg    . . .      Spirit   .   J - +0 plate armour
rPois   .          Reflect  .   (helmet restricted)
rElec   .          Harm     .   C - +0 cloak
rCorr   .          Rampage  .   K - +0 pair of gloves
Will    .....                   (no boots)
Stlth   ..........              e - amulet of regeneration
HPRegen 1.03/turn               w - +6 ring of strength
MPRegen 0.11/turn               A - +6 ring of strength

@: lethally poisoned (-6 -> -11), flying, hasted and slowed
A: horns 2, retaliatory headbutt
a: Renounce Religion, Berserk, Trog's Hand, Brothers in Arms


You were on level 9 of the Dungeon.
You worshipped Trog.
Trog was greatly pleased with you.
You visited 1 branch of the dungeon, and saw 9 of its levels.

You collected 464 gold pieces.
You spent 432 gold pieces at shops.

Inventory:

Hand Weapons
 a - the +8 frozen axe "Frostbite" (weapon) {freezing cloud, *Noise Fly rC+}
   (You found it on level 3 of the Dungeon)

   It freezes those it strikes, dealing additional cold damage.
   It can also slow down cold-blooded creatures.
   It occasionally leaves clouds of freezing vapour upon striking a foe.
   It grants immunity to clouds of freezing vapour.
   rC:        It protects you from cold.
   Fly:       It grants you flight.
   *Noise:    It may make noises in combat.
 b - a +0 sling
 f - a +4 mace
 N - a +3 war axe
 O - a +3 hand axe
Missiles
 m - 72 stones
 r - 10 poisoned darts (quivered)
Armour
 j - a +0 leather armour
 q - the +0 scale mail of Untruth {-Cast Fly rElec Will+++}
   (You found it on level 6 of the Dungeon)

   rElec:     It insulates you from electricity.
   Fly:       It grants you flight.
   -Cast:     It prevents spellcasting.
   Will:      It greatly increases your willpower.
 y - a +0 animal skin
 z - a +0 scale mail
 C - a +0 cloak (worn)
 I - an orb of mayhem
 J - a +0 plate armour (worn)
 K - a +0 pair of gloves (worn)
Jewellery
 d - an amulet of guardian spirit
 e - an amulet of regeneration (around neck)
 o - an amulet of reflection
 w - a +6 ring of strength (left hand)
 A - a +6 ring of strength (right hand)
Wands
 n - a wand of polymorph (9)
 v - a wand of paralysis (11)
 P - a wand of flame (7)
Scrolls
 c - 2 scrolls of blinking
 g - a scroll of vulnerability {unknown}
 h - a scroll of butterflies {unknown}
 k - a scroll of silence
 p - a scroll of teleportation
 B - a scroll of summoning {unknown}
 E - 5 scrolls of poison
 F - a scroll of enchant armour {unknown}
 H - a scroll of magic mapping
 M - a scroll of immolation {unknown}
 Q - a scroll of enchant weapon
Potions
 l - 2 potions of curing
 s - a potion of cancellation {unknown}
 t - a potion of might
 u - 3 potions of attraction
 x - 2 potions of magic
 D - a potion of berserk rage {unknown}
 G - a potion of mutation {unknown}


   Skills:
 - Level 4.6 Fighting
 + Level 17.9 Axes
 - Level 3.7 Armour
 - Level 3.4 Dodging


You had 9 spell levels left.
You didn't know any spells.
Your spell library was empty.

Dungeon Overview and Level Annotations

Branches:
Dungeon (9/15)             Temple (0/1) D:7            Lair (0/5) D:9
    Orc: D:9-12

Altars:
Ashenzari
Kikubaaqudgha
Nemelex Xobeh
Trog
Xom

Shops:
D:9 ==

Annotations:
D:3 2 transporters, xian's ghost, amateur TrFi
D:7 2 transporters, Strafespey's ghost, novice KoEn


Innate Abilities, Weirdness & Mutations

You have a pair of horns on your head.
You reflexively headbutt those who attack you in melee.


Message History

You slash the orc warrior! You freeze the orc warrior.
You kill the orc warrior!
Trog accepts your kill.
A hornet comes into view.
You slash the steam dragon! You freeze the steam dragon.
The steam dragon is heavily wounded.
The steam dragon breathes steam at you. The ball of steam hits you!!
A wraith comes into view.
The hornet stings you.
You are poisoned.
You suddenly lose the ability to move!
You hear a shout!
You are engulfed in a cloud of scalding steam.
You feel sick. The hornet stings you.
You feel yourself slow down. The steam dragon barely misses you.
The steam dragon claws you but does no damage.
The wraith is engulfed in a cloud of scalding steam.
The wraith hits you. The wraith drains your vigour!
You feel as though you will be slow longer.
You are engulfed in a cloud of scalding steam.
You feel sick. The hornet stings you.
You feel as though you will be slow longer.
The steam dragon bites you but does no damage.
The steam dragon claws you but does no damage.
The wraith hits you but does no damage. The hornet stings you!
* * * LOW HITPOINT WARNING * * *
You are more poisoned.
You feel as though you will be slow longer.
You can move again.
You feel yourself speed up.
You are engulfed in a cloud of scalding steam.
* * * LOW HITPOINT WARNING * * *
You feel very sick. The hornet stings you!
* * * LOW HITPOINT WARNING * * *
You feel as though you will be slow longer.
The steam dragon breathes steam at you. The ball of steam hits you!
You die... # #.........# #.# #..8...8..# #.# #.........# #.# #.........# #### #.# #..8.8..# #..# #.# #..ho.# ##∩# #.# #WDy#

#.# #.. #@# #####)####.
###.### ##....)....#
#..§..###..##...#... #
##§#§..............#.
.##.#####.#§#......###...#...
.........###.......# ##.###.#
.......#..#.......#####.##...
.........................>...
.#####.#.........#########...


You could see a hornet, a wraith, a steam dragon (catching breath), an orc
warrior and a howler monkey.

Vanquished Creatures
  A two-headed ogre (D:9)
  Amaemon (D:9)
  An orange demon (D:9)
  Sigmund (D:5)
  A wyvern (D:5)
  2 steam dragons
  Menkaure (D:5)
  Duvessa (D:6)
  2 orc warriors
  2 sky beasts (D:8)
  2 black bears
  2 ogres
  2 centaurs
  A phantom (D:7)
  6 bullfrogs
  2 scorpions (D:5)
  Dowan (D:6)
  18 wights
  2 howler monkeys
  A gnoll bouda (D:6)
  4 hounds
  A jelly (D:6)
  5 orc priests
  Crazy Yiuf (D:4)
  3 iguanas
  Natasha (thrice) (D:3)
  10 orc wizards
  5 adders
  7 gnolls
  A shadow imp (D:6)
  An ufetubus (D:6)
  A dart slug (D:4)
  35 orcs
  3 bats
  7 endoplasms
  8 giant cockroaches
  11 goblins
  15 hobgoblins
  4 jackals (D:2)
  2 quokkas (D:5)
  4 ball pythons
  7 frilled lizards
  5 kobolds
  5 rats
198 creatures vanquished.

Notes
Turn   | Place    | Note
-------+----------+-------------------------------------------
     0 | D:1      | cheesebisquit the Minotaur Berserker began the quest for
                  | the Orb.
     0 | D:1      | Reached XP level 1. HP: 19/19 MP: 0/0
   209 | D:1      | Reached XP level 2. HP: 23/27 MP: 1/1
   498 | D:1      | Reached skill level 4 in Axes
   586 | D:1      | Reached ** piety under Trog
   616 | D:1      | Reached XP level 3. HP: 33/33 MP: 2/2
  1050 | D:2      | Found a faded altar of an unknown god.
  1094 | D:2      | Found a sparkling altar of Nemelex Xobeh.
  1356 | D:2      | Identified the +3 dagger of Naeqi {freeze, rF+ Will++
                  | Int+2}
  1529 | D:2      | Reached XP level 4. HP: 41/41 MP: 3/3
  1713 | D:3      | Noticed xian's ghost (amateur TrFi)
  1714 | D:3      | Found a transporter.
  1715 | D:3      | Noticed an ogre
  1718 | D:3      | Found a transporter.
  1895 | D:3      | Found the +8 frozen axe "Frostbite" {freezing cloud, *Noise
                  | Fly rC+}
  1988 | D:3      | Found a broken altar of Ashenzari.
  2071 | D:3      | Noticed Natasha
  2076 | D:3      | Killed Natasha
  2114 | D:3      | Noticed Natasha
  2119 | D:3      | Killed Natasha
  2216 | D:3      | Reached XP level 5. HP: 47/47 MP: 4/4
  2455 | D:3      | Noticed Natasha
  2459 | D:3      | Killed Natasha
  2460 | D:3      | Reached skill level 5 in Axes
  2954 | D:4      | Reached *** piety under Trog
  2992 | D:4      | Found a sparkling altar of Nemelex Xobeh.
  3001 | D:4      | Found a shimmering altar of Xom.
  3175 | D:4      | Found a runed translucent door.
  3176 | D:4      | Noticed Crazy Yiuf
  3396 | D:4      | Killed Crazy Yiuf
  3428 | D:5      | Entered Level 5 of the Dungeon
  3452 | D:5      | Reached skill level 6 in Axes
  3452 | D:5      | Reached XP level 6. HP: 44/53 MP: 5/5
  3681 | D:5      | Reached skill level 7 in Axes
  3747 | D:5      | Noticed Sigmund
  3753 | D:5      | Killed Sigmund
  3754 | D:5      | Reached skill level 8 in Axes
  3754 | D:5      | Reached XP level 7. HP: 60/60 MP: 6/6
  3800 | D:5      | Noticed a wyvern
  3805 | D:5      | Killed a wyvern
  3806 | D:5      | Reached skill level 9 in Axes
  3917 | D:5      | Reached skill level 10 in Axes
  4134 | D:5      | Noticed Menkaure
  4137 | D:5      | Killed Menkaure
  4138 | D:5      | Reached XP level 8. HP: 67/67 MP: 7/7
  4337 | D:6      | Reached skill level 11 in Axes
  4406 | D:6      | Reached skill level 12 in Axes
  4418 | D:6      | Identified the +0 scale mail of Untruth {-Cast Fly rElec
                  | Will+++}
  4434 | D:6      | Noticed Duvessa
  4439 | D:6      | Killed Duvessa
  4439 | D:6      | Noticed Dowan
  4443 | D:6      | Killed Dowan
  4469 | D:6      | Reached skill level 13 in Axes
  4534 | D:6      | Reached XP level 9. HP: 72/72 MP: 8/8
  4912 | D:7      | Found a transporter.
  4916 | D:7      | Noticed Strafespey's ghost (novice KoEn)
  4918 | D:7      | Found a bloodstained altar of Trog.
  4925 | D:7      | Noticed a moth of wrath
  5134 | D:7      | Found an ancient bone altar of Kikubaaqudgha.
  5139 | D:7      | Found a staircase to the Ecumenical Temple.
  5194 | D:7      | Found a transporter.
  5204 | D:7      | Noticed a two-headed ogre
  5236 | D:7      | Reached skill level 14 in Axes
  5679 | D:8      | Reached **** piety under Trog
  5680 | D:8      | Reached skill level 15 in Axes
  6101 | D:8      | Reached skill level 16 in Axes
  6121 | D:8      | Found a runed translucent door.
  6338 | D:8      | Reached XP level 10. HP: 80/80 MP: 9/9
  6492 | D:9      | Found a staircase to the Lair.
  6522 | D:9      | Found Ataoxonk's Jewellery Boutique.
  6527 | D:9      | Bought a +6 ring of strength for 432 gold pieces
  6535 | D:9      | Noticed an orange demon
  6536 | D:9      | Noticed a two-headed ogre
  6536 | D:9      | Noticed Amaemon
  6550 | D:9      | Killed a two-headed ogre
  6551 | D:9      | Reached skill level 17 in Axes
  6553 | D:9      | Killed Amaemon
  6554 | D:9      | Killed an orange demon
  6578 | D:9      | Found Dozxitt's Jewellery Boutique.
  6613 | D:9      | Paralysed by a hornet for 3 turns
  6616 | D:9      | Killed from afar by a steam dragon

Illustrated notes

Levels and vault maps discovered:
D:1:      lemuel_arrival_hallway, layout_loops_corners
D:2:      layout_basic, shapermc_ecumenical_altar_venn, basic_altar,
          minmay_indecisive_spiral
D:3:      layout_basic, nicolae_ashenzari_panopticon, gammafunk_ghost_smash,
          uniq_natasha
D:4:      layout_basic, mainiacjoe_overflow_swirl, uniq_crazy_yiuf_cottage
D:5:      layout_basic, uniq_menkaure, uniq_sigmund
D:6:      layout_rooms, dk_noncrumbling_2, nicolae_titane, uniq_duvessa
D:7:      layout_cave_pods, mainiacjoe_overflow_six_doors_small,
          minmay_temple_entry_butterflies, gammafunk_ghost_wrathful_warriors,
          ebering_dispersal_statue_hall
D:8:      layout_rooms, lightli_church_of_beogh
D:9:      kennysheep_ambush_hall, layout_loops_ring, serial_shops, shop, shop,
          shop, nicolae_stop_n_shop_1, gammafunk_ghost_spectres, uniq_maurice,
          uniq_amaemon

Skill      XL: |  1  2  3  4  5  6  7  8  9 10 |
---------------+-------------------------------+-----
Fighting       | 4 |  4.6
Axes           | 4 6 8 10 13 16 17 | 17.9
Armour         | 3 |  3.7
Dodging        | 3 |  3.4

Action                   |  1- 3 |  4- 6 |  7- 9 | 10-12 || total
-------------------------+-------+-------+-------+-------++-------
Melee: Hand axe          |    89 |    14 |       |       ||   103
       Headbutt          |    15 |     5 |    22 |     1 ||    43
       Executioner's axe |       |    44 |   156 |    16 ||   216
Invok: Berserk           |     1 |     3 |     4 |     1 ||     9
       Trog's Hand       |       |     3 |     5 |     1 ||     9
       Brothers in Arms  |       |       |       |     1 ||     1
  Use: Scroll            |       |     6 |     5 |     5 ||    16
       Potion            |       |       |     2 |     1 ||     3
Armor: Animal skin       |     7 |       |       |       ||     7
       Leather armour    |    19 |     9 |       |       ||    28
       Scale mail        |       |     9 |    23 |       ||    32
       Plate armour      |       |       |    70 |    18 ||    88
Dodge: Dodged            |    64 |    33 |    79 |    11 ||   187
